 Dungeon Crawl Stone Soup version 0.18-a0-5-gf1fb587 (webtiles) character file.

11614 TruthSerum the Fighter (level 11, -1/58 HPs)
             Began as a Gargoyle Fighter on Nov 1, 2015.
             Was a High Priest of Okawaru.
             Slain by a skeletal warrior
             ... wielding a cursed -1 war axe
              (15 damage)
             ... on level 13 of the Dungeon.
             The game lasted 00:53:45 (9849 turns).

TruthSerum the Fighter (Gargoyle Fighter)           Turns: 9849, Time: 00:53:45

Health: -1/58      AC: 36    Str: 27    XL:     11   Next: 80%
Magic:  18/18      EV:  6    Int:  8    God:    Okawaru [*****.]
Gold:   586        SH: 12    Dex: 12    Spells: 0 memorised, 10 levels left

rFire  + . .     SeeInvis .     v - +1 flail (protect)
rCold  . . .     Clarity  .     J - +0 plate armour
rNeg   + + .     SustAt   .     c - +0 shield
rPois  ∞         Gourm    .     r - +2 helmet
rElec  +         Spirit   .     t - +0 cloak
rCorr  .         Warding  +     M - +0 pair of gloves "Ytra" {rElec Regen+}
rMut   .         Stasis   .     (no boots)
MR     .....                    H - amulet of warding
Stlth  ..........               B - +3 ring of protection
                                L - +4 ring of strength

@: not resistant to hostile enchantments, extremely unstealthy
A: breathe flames 1, fire resistance 1, frail 2, negative energy resistance 1,
shaggy fur 2, electricity resistance, strong 1, unbreathing, evolution 1,
petrification resistance, rot immunity, AC +7
a: Heroism, Finesse, Renounce Religion, Breathe Fire


You were on level 13 of the Dungeon.
You worshipped Okawaru.
Okawaru was extremely pleased with you.
You were not hungry.

You visited 1 branch of the dungeon, and saw 11 of its levels.
You also visited: Ossuary.

You collected 586 gold pieces.

Inventory:

Hand Weapons
 a - a +1 flail
 v - a +1 flail of protection (weapon)
 y - a +0 flail of holy wrath
Armour
 c - a +0 shield (worn)
 r - a +2 helmet (worn)
 t - a +0 cloak (worn)
 J - a +0 plate armour (worn)
 M - the +0 pair of gloves "Ytra" (worn) {rElec Regen+}
   (Okawaru gifted it to you on level 9 of the Dungeon)

   It insulates you from electricity.
   It increases your rate of regeneration.
Jewellery
 o - an uncursed ring of protection from magic
 p - an uncursed ring of see invisible
 s - an uncursed ring of sustain attributes
 x - an uncursed ring of protection from fire
 B - a +3 ring of protection (right hand)
 H - an amulet of warding (around neck)
 L - a +4 ring of strength (left hand)
Wands
 b - a wand of disintegration (13)
 q - a wand of draining (3)
 F - a wand of flame (13)
 N - a wand of frost (21)
Scrolls
 l - 2 scrolls of blinking
 n - a scroll of remove curse
 A - a scroll of magic mapping
 I - 4 scrolls of identify
 K - a scroll of fog
Potions
 d - 2 potions of might
 f - a potion of flight
 i - a potion of haste
 j - 3 potions of lignification
 k - a potion of cure mutation
 w - 2 potions of agility
 z - 5 potions of curing
 C - a potion of ambrosia
 D - a potion of magic
 G - a potion of berserk rage
 P - a potion of cancellation {unknown}
 Q - a potion of brilliance {unknown}
Comestibles
 e - 7 bread rations
 g - 2 royal jellies
 h - 3 beef jerkies
 u - 5 meat rations
 E - a slice of pizza
 O - 19 chunks of flesh


   Skills:
 + Level 10.8 Fighting
 + Level 9.6 Maces & Flails
 - Level 7.6 Armour
 - Level 7.8 Shields
 + Level 9.9 Invocations


You had 10 spell levels left.
You didn't know any spells.

Dungeon Overview and Level Annotations

Branches:
Dungeon (13/15)            Temple (0/1) D:4            Lair (0/8) D:10
    Orc: D:9-12      Vaults: D:13-14

Altars:
Ashenzari
Cheibriados
Dithmenos
Gozag
Kikubaaqudgha
Nemelex Xobeh
Okawaru
Sif Muna

Shops:
D:6 (

Annotations:
D:2 Crazy Yiuf


Innate Abilities, Weirdness & Mutations

You are resistant to torment.
Your stone body is resilient (AC +7).
You are immune to poison.
You resist negative energy.
You are resistant to electric shocks.
You can survive without breathing.
You are immune to petrification.
You are immune to rotting.
You can breathe flames.
Your flesh is heat resistant.
You are very frail (-20% HP).
You are covered in thick fur (AC +2).
Your muscles are strong. (Str +2)
You evolve.


Message History

The skeletal warrior hits you but does no damage. x2
You hit the skeletal warrior but do no damage.
The skeletal warrior is heavily damaged.
The skeletal warrior hits you but does no damage. x2
You hit the skeletal warrior but do no damage.
The skeletal warrior is heavily damaged.
The skeletal warrior hits you from afar with a trident.
The skeletal warrior hits you but does no damage.
Your shield and plate armour prevent you from hitting the skeletal warrior.
The skeletal warrior is heavily damaged.
The skeletal warrior hits you from afar with a trident!
* * * LOW HITPOINT WARNING * * *
The skeletal warrior hits you but does no damage.
You hit the skeletal warrior but do no damage.
The skeletal warrior is heavily damaged.
You block the skeletal warrior's attack.
You hit the skeletal warrior.
The skeletal warrior is heavily damaged.
The skeletal warrior hits you with a war axe!
You die... ... ....... ... ...... ### #zz.z

#...# #...# #...# #...#
###################)..####
................@zz........
...........................
###########################


You could see 2 skeletal warriors.

Vanquished Creatures
  Josephine (D:10)
  The ghost of Eldritch the Cleaver, a novice DDFi of Okawaru (D:9)
  3 skeletal warriors (D:13)
  Pikel (D:4)
  A komodo dragon (D:10)
  A troll (D:10)
  Prince Ribbit (D:6)
  2 two-headed ogres
  Sigmund (D:6)
  4 wraiths (D:10)
  A deep elf mage (D:10)
  3 yaks (D:13)
  A steam dragon (D:10)
  2 hippogriffs
  3 orc warriors
  5 phantoms
  A sky beast (D:6)
  2 ice beasts
  4 centaurs
  5 ogres
  A black bear (D:3)
  2 elf zombies
  3 elf skeletons (D:5)
  A gnoll sergeant (D:10)
  6 giant frogs
  3 scorpions
  4 wights (D:9)
  7 killer bees (D:8)
  A water moccasin skeleton (D:8)
  4 giant frog zombies
  3 crimson imps
  9 hounds
  4 orc priests
  A jelly (D:7)
  2 centaur zombies
  A giant frog skeleton (D:5)
  6 human zombies
  Jessica (D:3)
  9 orc wizards
  A quasit (D:10)
  A human skeleton (D:5)
  8 worker ants
  5 iguanas
  2 big kobold zombies (Ossuary)
  A hound skeleton (D:4)
  3 hound zombies
  3 mummies (Ossuary)
  A worker ant zombie (D:6)
  10 gnolls
  13 adders
  A shadow imp (D:13)
  3 oozes
  5 adder zombies (Ossuary)
  3 adder skeletons
  6 giant geckos
  46 orcs
  10 bats
  4 giant cockroaches
  14 goblins
  9 hobgoblins
  14 jackals
  13 kobolds
  5 quokkas
  A ball python (D:3)
  A giant newt (D:3)
  4 goblin zombies (Ossuary)
  7 hobgoblin zombies (Ossuary)
  A jackal skeleton (D:6)
  3 jackal zombies (Ossuary)
  3 kobold zombies (Ossuary)
  3 orc skeletons (D:5)
  4 orc zombies (Ossuary)
  A quokka skeleton (D:5)
  A quokka zombie (D:5)
  9 rats
  A rat zombie (Ossuary)
  A plant (D:10)
332 creatures vanquished.

Vanquished Creatures (others)
  An orc (D:4)
1 creature vanquished.

Grand Total: 333 creatures vanquished

Notes
Turn   | Place    | Note
--------------------------------------------------------------
     0 | D:1      | TruthSerum the Gargoyle Fighter began the quest for the Orb.
     0 | D:1      | Reached XP level 1. HP: 14/14 MP: 1/1
    87 | D:1      | Reached XP level 2. HP: 16/19 MP: 2/2
   693 | D:1      | Reached XP level 3. HP: 24/24 MP: 3/3
   870 | D:2      | Reached skill level 4 in Fighting
  1105 | D:2      | Reached XP level 4. HP: 29/29 MP: 4/4
  1459 | D:2      | Reached XP level 5. HP: 26/33 MP: 5/5
  1549 | D:2      | Noticed Crazy Yiuf
  1608 | D:2      | Found an iron altar of Okawaru.
  1619 | D:2      | Became a worshipper of Warmaster Okawaru
  2090 | D:3      | Noticed Jessica
  2095 | D:3      | Killed Jessica
  2450 | D:3      | Noticed a black bear
  2462 | D:3      | Killed a black bear
  2462 | D:3      | Reached skill level 1 in Invocations
  2462 | D:3      | Reached XP level 6. HP: 28/39 MP: 5/7
  3047 | D:4      | Gained mutation: You are covered in fur (AC +1). [potion of mutation]
  3047 | D:4      | Gained mutation: You are frail (-10% HP). [potion of mutation]
  3162 | D:4      | Reached * piety under Okawaru
  3213 | D:4      | Reached skill level 5 in Fighting
  3213 | D:4      | Reached XP level 7. HP: 39/39 MP: 8/8
  3304 | D:4      | Reached skill level 5 in Armour
  3412 | D:4      | Reached skill level 5 in Shields
  3810 | D:4      | Noticed Pikel
  3821 | D:4      | Killed Pikel
  3821 | D:4      | Reached ** piety under Okawaru
  3821 | D:4      | Reached *** piety under Okawaru
  3821 | D:4      | Reached skill level 6 in Fighting
  3821 | D:4      | Reached XP level 8. HP: 40/45 MP: 9/11
  3830 | D:4      | Found a staircase to the Ecumenical Temple.
  4032 | D:5      | Entered Level 5 of the Dungeon
  4123 | D:5      | Reached skill level 5 in Maces & Flails
  4334 | D:5      | Found a sand-covered staircase.
  4344 | Ossuary  | Entered an ossuary
  4470 | Ossuary  | Reached XP level 9. HP: 50/50 MP: 12/12
  4630 | Ossuary  | Reached skill level 5 in Invocations
  4644 | Ossuary  | Gained mutation: You are covered in thick fur (AC +2). [potion of mutation]
  4644 | Ossuary  | Gained mutation: Your flesh is heat resistant. [potion of mutation]
  4644 | Ossuary  | Gained mutation: You evolve. [potion of mutation]
  4781 | D:5      | Reached **** piety under Okawaru
  4889 | D:5      | Gained mutation: You expend magic power (3 MP) to strengthen your wands. [evolution]
  4923 | D:5      | Found a sparkling altar of Nemelex Xobeh.
  5009 | D:5      | Reached skill level 7 in Fighting
  5391 | D:6      | Noticed Prince Ribbit
  5678 | D:6      | Killed Prince Ribbit
  5678 | D:6      | Reached XP level 10. HP: 46/56 MP: 14/14
  5770 | D:6      | Noticed Sigmund
  5795 | D:6      | Killed Sigmund
  5795 | D:6      | Reached ***** piety under Okawaru
  5866 | D:6      | Found Fohech's Weapon Boutique.
  5912 | D:6      | Gained mutation: You are very frail (-20% HP). [mutagenic meat]
  5913 | D:6      | Gained mutation: You can breathe flames. [mutagenic meat]
  5915 | D:6      | Gained mutation: Your muscles are strong. (Str +2) [mutagenic meat]
  6163 | D:7      | Found a shadowy altar of Dithmenos.
  6198 | D:7      | Found a snail-covered altar of Cheibriados.
  6199 | D:7      | Found a deep blue altar of Sif Muna.
  6203 | D:7      | Found an opulent altar of Gozag.
  6204 | D:7      | Found an ancient bone altar of Kikubaaqudgha.
  6256 | D:7      | Found a shattered altar of Ashenzari.
  6504 | D:7      | Found a shadowy altar of Dithmenos.
  6510 | D:7      | Reached skill level 8 in Fighting
  7622 | D:8      | Lost mutation: You expend magic power (3 MP) to strengthen your wands. [evolution]
  8283 | D:9      | Reached skill level 9 in Fighting
  8294 | D:9      | Received a gift from Okawaru
  8297 | D:9      | Got a pair of transparent gloves {god gift}
  8308 | D:9      | Identified the +0 pair of gloves "Ytra" {rElec Regen+} (Okawaru gifted it to you on level 9 of the Dungeon)
  8391 | D:9      | Noticed Eldritch's ghost (novice DDFi)
  8416 | D:9      | Killed Eldritch's ghost
  8416 | D:9      | Reached XP level 11. HP: 56/56 MP: 15/17
  8618 | D:10     | Entered Level 10 of the Dungeon
  8954 | D:10     | Found a staircase to the Lair.
  9370 | D:10     | Noticed Josephine
  9389 | D:10     | Killed Josephine
  9389 | D:10     | Reached skill level 10 in Fighting
  9565 | D:10     | You fall through a shaft for 3 floors!
  9727 | D:13     | Noticed a skeletal warrior
  9727 | D:13     | Noticed a skeletal warrior
  9755 | D:13     | Killed a skeletal warrior
  9781 | D:13     | Killed a skeletal warrior
  9782 | D:13     | Noticed a skeletal warrior
  9782 | D:13     | Noticed a skeletal warrior
  9782 | D:13     | Noticed a skeletal warrior
  9823 | D:13     | Killed a skeletal warrior
  9849 | D:13     | Slain by a skeletal warrior

Vault maps used:
D:1:      minmay_arrival_floating_metal
D:2:      kennysheep_the_goblin_king, okawaru_altar_gauntlet_db,
          serial_bayou_pond_e, hangedman_decor_growths, uniq_crazy_yiuf_cottage
D:3:      uniq_jessica
D:4:      minmay_temple_entry_poolview, first_bread, uniq_pikel
D:5:      nicolae_ossuary_entry_catacombs, nemelex_dance_club_becter
D:6:      serial_shops, shop, sigmund_army, uniq_sigmund, uniq_prince_ribbit1
D:7:      minitemple, cheibrodos_ashenzari_chains, grunt_dithmenos_shadows
D:10:     david_lair_shrubbed, uniq_josephine
D:13:     basic_altar, special_room, grunt_tengu_nest, dk_noncrumbling_2,
          serial_park_tiny_pond, kennysheep_treasure_room
Ossuary:  minmay_ossuary_two_tombs

Action                   |  1- 3 |  4- 6 |  7- 9 | 10-12 || total
-------------------------+-------+-------+-------+-------++-------
Melee: Flail             |   126 |   341 |   670 |   805 ||  1942
Invok: Heroism           |       |       |       |     1 ||     1
       Finesse           |       |       |       |     1 ||     1
  Use: Scroll            |       |     9 |     9 |     9 ||    27
       Potion            |       |     1 |     1 |     2 ||     4
  Eat: Chunk             |     1 |     8 |     5 |    19 ||    33
       Bread ration      |       |       |     1 |       ||     1
